 Dungeon Crawl Stone Soup version 0.21.1-1-g345015f (webtiles) character file.

10025 sexinstructor the Severer (level 11, -14/107 HPs)
             Began as a Minotaur Fighter on Mar 19, 2018.
             Was a Believer of Makhleb.
             Demolished by an orc knight
             ... wielding a +0 glaive
              (26 damage)
             ... in a bailey.
             The game lasted 00:46:08 (12284 turns).

sexinstructor the Severer (Minotaur Fighter)       Turns: 12284, Time: 00:46:09

Health: -14/107    AC:  4    Str: 32    XL:     11   Next: 30%
Magic:  10/10      EV:  8    Int: 11    God:    Makhleb [**....]
Gold:   478        SH: 10    Dex: 10    Spells: 10/10 levels left

rFire    + . .     SeeInvis +   a - +0 war axe
rCold    . . .     Gourm    .   c - +0 shield
rNeg     . . .     Faith    .   G - +1 leather armour of the Big Bang {-Tele rF+ Str+3 Int+6 SInv}
rPois    .         Spirit   .   m - +0 hat
rElec    .         Reflect  .   (no cloak)
rCorr    .         Harm     .   (no gloves)
MR       .....     NoTele   +   (no boots)
Stlth    +.........             n - amulet of regeneration
HPRegen  0.67/turn              (no ring)
MPRegen  0.12/turn              (no ring)

@: mighty, hasted, very quick
A: retaliatory headbutt, horns 2
a: Minor Destruction, Renounce Religion


You were in a bailey.
You worshipped Makhleb.
Makhleb was pleased with you.
You were not hungry.

You visited 2 branches of the dungeon, and saw 11 of its levels.
You also visited: Bailey.

You collected 478 gold pieces.

Inventory:

Hand Weapons
 a - a +0 war axe (weapon)
 o - a -2 broad axe
 L - a +0 flail of venom
 N - a +4 scimitar of flaming
Armour
 b - a +0 scale mail
 c - a +0 shield (worn)
 l - a +0 chain mail
 m - a +0 hat (worn)
 F - a +0 chain mail
 G - the +1 leather armour of the Big Bang (worn) {-Tele rF+ Str+3 Int+6 SInv}
   (You took it off an orc priest on level 8 of the Dungeon)

   It affects your strength (+3).
   It affects your intelligence (+6).
   It protects you from fire.
   It lets you see invisible.
   It prevents most forms of teleportation.
 I - a +0 plate armour
Jewellery
 n - an amulet of regeneration (around neck)
 u - an uncursed ring of see invisible {unknown}
 z - an uncursed ring of fire {unknown}
 C - an uncursed ring of wizardry {unknown}
 P - a +3 ring of dexterity {unknown}
Wands
 g - a wand of random effects (49)
Scrolls
 h - a scroll of vulnerability {unknown}
 j - 5 scrolls of teleportation {unknown}
 k - 4 scrolls of identify
 s - 2 scrolls of random uselessness {unknown}
 v - 3 scrolls of amnesia
 w - 5 scrolls of remove curse
 A - 3 scrolls of brand weapon {unknown}
 B - 2 scrolls of blinking {unknown}
 D - a scroll of noise {unknown}
 J - 2 scrolls of enchant weapon {unknown}
 K - a scroll of immolation {unknown}
 O - a scroll of enchant armour {unknown}
Potions
 d - a potion of might
 e - 3 potions of agility {unknown}
 i - a potion of lignification {unknown}
 p - a potion of berserk rage {unknown}
 q - 2 potions of flight {unknown}
 r - 5 potions of curing {unknown}
 t - a potion of haste
 x - 2 potions of mutation
 E - a potion of brilliance
 Q - a potion of resistance {unknown}
Books
 y - a book of Air

   Spells                             Type                      Level
   a - Shock                          Conjuration/Air              1
   b - Swiftness                      Charms/Air                   2
   c - Static Discharge               Conjuration/Air              3
   d - Airstrike                      Air                          4
   e - Lightning Bolt                 Conjuration/Air              5
Comestibles
 f - 20 rations


   Skills:
 - Level 13.6 Fighting
 + Level 15.4 Axes
 - Level 3.8 Armour
 - Level 4.0 Shields


You had 10 spell levels left.
You didn't know any spells.

Dungeon Overview and Level Annotations

Branches:
Dungeon (10/15)            Temple (1/1) D:6            Lair (0/6) D:8
    Orc (0/2) D:9

Altars:
Ashenzari
Cheibriados
Dithmenos
Elyvilon
Fedhas
Gozag
Hepliaklqana
Kikubaaqudgha
Makhleb
Nemelex Xobeh
Okawaru
Qazlal
Ru
Sif Muna
Trog
Uskayaw
Vehumet
Wu Jian
Xom
Yredelemnul
Zin
The Shining One

Annotations:
D:10 Snorg


Innate Abilities, Weirdness & Mutations

You reflexively headbutt those who attack you in melee.
You have a pair of horns on your head.


Message History

An orc comes into view. It is wielding a halberd.
You feel very mighty all of a sudden.
The orc warrior shoots a bolt.
The bolt hits you!!
* * * LOW HITPOINT WARNING * * *
You are too injured to fight recklessly!
An orc warrior comes into view. It is wielding an arbalest.
You see here 2 bolts.
The orc warrior shoots a bolt.
You block the bolt.
Found a gate leading back out of this place.
You see here a bolt.
You completely miss the orc knight.
The orc knight roars a battlecry!
The orc warrior goes into a battle-frenzy!
The orc knight roars a battlecry!
The orc knight goes into a battle-frenzy!
You slash the orc knight!
The orc knight is lightly wounded.
The orc warrior shoots a bolt.
You block the bolt. The orc knight hits you with a glaive!!
You die...

## #### ##∩##
#####
....##...##.....
≈≈≈..#...#.o≈≈≈.
≈o≈≈.......≈≈o≈≈
oo≈.....oo≈oo.≈
o≈≈.....o.≈≈o≈≈
#).@# #.∩(#
##∩## ###


You could see 3 orc knights, 4 orc warriors and 5 orcs.

Vanquished Creatures
  Erica (D:9)
  4 two-headed ogres
  The ghost of Goblin1989 the Martial Artist, a novice DsTm of Hepliaklqana (D:9)
  Pikel (D:8)
  Joseph (D:7)
  A troll (D:9)
  A hippogriff (D:9)
  2 wyverns
  Edmund (D:4)
  2 hell hounds (D:8)
  5 orc warriors
  2 black bears
  A slave (D:8)
  A swamp drake (D:9)
  4 sky beasts
  An ice beast (D:7)
  5 ogres
  A necrophage (D:8)
  A centaur (D:9)
  6 bullfrogs
  A big kobold (D:9)
  10 scorpions
  5 wights (D:7)
  2 jellies
  2 vampire bats (D:6)
  4 crimson imps
  A bullfrog zombie (D:8)
  7 hounds
  A centaur zombie (D:5)
  6 orc wizards
  11 orc priests
  11 worker ants
  4 iguanas
  2 hound skeletons
  A worker ant zombie (D:5)
  15 adders
  2 shadow imps
  An ooze (D:7)
  2 adder skeletons
  2 worms
  3 dart slugs
  3 leopard geckos
  35 orcs
  10 bats
  2 bat skeletons (D:6)
  3 bat zombies (D:6)
  3 giant cockroaches
  9 goblins
  8 hobgoblins
  5 jackals
  19 kobolds
  A quokka (D:3)
  5 ball pythons
  A ball python zombie (D:6)
  5 frilled lizards
  A leopard gecko skeleton (D:6)
  A quokka skeleton (D:7)
  2 rats
248 creatures vanquished.

Vanquished Creatures (others)
  2 slaves (D:8)
  A hound zombie (D:8)
  3 orcs (D:8)
  2 quokkas
8 creatures vanquished.

Grand Total: 256 creatures vanquished

Notes
Turn   | Place    | Note
-------+----------+-------------------------------------------
     0 | D:1      | sexinstructor the Minotaur Fighter began the quest for the Orb.
     0 | D:1      | Reached XP level 1. HP: 19/19 MP: 0/0
   222 | D:1      | Reached XP level 2. HP: 27/27 MP: 1/1
   421 | D:1      | Reached XP level 3. HP: 33/34 MP: 2/2
  1195 | D:2      | Reached skill level 5 in Fighting
  1680 | D:3      | Reached XP level 4. HP: 38/42 MP: 3/3
  2724 | D:3      | Found an ornate altar of the Wu Jian Council.
  2737 | D:3      | Found a blossoming altar of Fedhas.
  3002 | D:4      | Reached XP level 5. HP: 38/51 MP: 4/4
  3372 | D:4      | Reached XP level 6. HP: 51/61 MP: 5/5
  4049 | D:4      | Found a stormy altar of Qazlal.
  4103 | D:4      | Noticed Edmund
  4456 | D:4      | Found a white marble altar of Elyvilon.
  4683 | D:5      | Entered Level 5 of the Dungeon
  4716 | D:5      | Reached XP level 7. HP: 70/70 MP: 6/6
  4763 | D:5      | Found a sacrificial altar of Ru.
  4852 | D:5      | Reached skill level 10 in Fighting
  5340 | D:5      | Found a glowing silver altar of Zin.
  5760 | D:5      | Reached XP level 8. HP: 41/82 MP: 7/7
  7245 | D:6      | Found a staircase to the Ecumenical Temple.
  7258 | Temple   | Entered the Ecumenical Temple
  7542 | D:6      | Found an ancient bone altar of Kikubaaqudgha.
  7885 | D:7      | Found a hide-covered altar of Uskayaw.
  8091 | D:7      | Reached XP level 9. HP: 93/93 MP: 8/8
  8155 | D:7      | Found a burning altar of Makhleb.
  8155 | D:7      | Found a shimmering altar of Xom.
  8170 | D:7      | Reached skill level 3 in Axes
  8179 | D:7      | Became a worshipper of Makhleb the Destroyer
  8190 | D:7      | Noticed Joseph
  8206 | D:7      | Killed Joseph
  8206 | D:7      | Reached skill level 5 in Axes
  8350 | D:7      | Reached skill level 6 in Axes
  8507 | D:7      | Found a hazy altar of Hepliaklqana.
  8561 | D:7      | Found a bloodstained altar of Trog.
  8644 | D:7      | Reached skill level 7 in Axes
  8804 | D:8      | Noticed Pikel
  8817 | D:8      | Killed Pikel
  8817 | D:8      | Reached skill level 9 in Axes
  9135 | D:8      | Reached skill level 10 in Axes
  9199 | D:8      | Reached * piety under Makhleb
  9261 | D:8      | Got a crude leather armour
  9272 | D:8      | Identified the +1 leather armour of the Big Bang {-Tele rF+ Str+3 Int+6 SInv} (You took it off an orc priest on level 8 of the Dungeon)
  9278 | D:8      | Found an opulent altar of Gozag.
  9332 | D:8      | Reached XP level 10. HP: 47/101 MP: 9/9
  9419 | D:8      | Found a staircase to the Lair.
  9435 | D:8      | Noticed a two-headed ogre
  9440 | D:8      | Killed a two-headed ogre
  9440 | D:8      | Reached skill level 11 in Axes
  9637 | D:8      | Found a burning altar of Makhleb.
  9792 | D:8      | Noticed a two-headed ogre
  9991 | D:8      | Killed a two-headed ogre
  9991 | D:8      | Reached skill level 12 in Axes
 10410 | D:4      | Killed Edmund
 10535 | D:9      | Noticed Erica
 10547 | D:9      | Killed Erica
 10547 | D:9      | Reached skill level 13 in Axes
 10625 | D:9      | Noticed Goblin1989's ghost (novice DsTm)
 10890 | D:9      | Noticed a two-headed ogre
 10893 | D:9      | Found a white marble altar of Elyvilon.
 10947 | D:8      | Killed a two-headed ogre
 10947 | D:8      | Reached skill level 14 in Axes
 11375 | D:9      | Reached XP level 11. HP: 107/107 MP: 10/10
 11559 | D:9      | Killed Goblin1989's ghost
 11780 | D:9      | Reached ** piety under Makhleb
 11850 | D:9      | Found a staircase to the Orcish Mines.
 11956 | D:9      | Reached skill level 15 in Axes
 12136 | D:10     | Entered Level 10 of the Dungeon
 12152 | D:10     | Noticed Snorg
 12178 | D:10     | Noticed a two-headed ogre
 12187 | D:10     | Killed a two-headed ogre
 12195 | D:10     | Found a flagged portal.
 12242 | Bailey   | Entered a bailey
 12242 | Bailey   | Noticed an orc knight
 12276 | Bailey   | Noticed an orc knight
 12282 | Bailey   | Noticed an orc knight
 12284 | Bailey   | Demolished by an orc knight

Skill      XL: |  1  2  3  4  5  6  7  8  9 10 11 |
---------------+----------------------------------+-----
Shields        | 4 |  4.0
Fighting       | 4 5 6 7 9 11 13 | 13.6
Axes           | 10 14 15 | 15.4
Armour         | |  3.8

Action                   |  1- 3 |  4- 6 |  7- 9 | 10-12 || total
-------------------------+-------+-------+-------+-------++-------
Melee: War axe           |   118 |   140 |   360 |   223 ||   841
       Headbutt          |    10 |    28 |    66 |    49 ||   153
       Broad axe         |       |     1 |       |       ||     1
Invok: Minor Destruction |       |       |       |     1 ||     1
  Use: Scroll            |       |     5 |     3 |     1 ||     9
       Potion            |       |       |     1 |     3 ||     4
  Eat: Chunk             |     3 |     9 |    16 |     9 ||    37
Armor: Scale mail        |    66 |    46 |       |       ||   112
       Chain mail        |       |    11 |   187 |       ||   198
       Leather armour    |       |       |     1 |    26 ||    27
Dodge: Dodged            |    43 |    40 |    80 |    64 ||   227
Block: Shield            |    78 |    59 |   205 |    98 ||   440
